 Dungeon Crawl Stone Soup version 0.28.0-53-g5a82cb258f (webtiles) character file.

Game seed: 4720148477989091870

21 cbfl8 the Chopper (level 2, 0/40 HPs)
             Began as a Minotaur Berserker on July 12, 2022.
             Was a Follower of Trog.
             Slain by Sigmund
             ... wielding a +1 vorpal scythe
              (1 damage)
             ... on level 2 of the Dungeon.
             The game lasted 00:00:55 (742 turns).

cbfl8 the Chopper (Minotaur Berserker)               Turns: 742, Time: 00:00:56

Health: 0/40       AC:  2    Str: 21    XL:     2   Next: 62%
Magic:  1/1        EV: 12    Int:  4    God:    Trog [*.....]
Gold:   85         SH:  0    Dex:  9    Spells: 1/1 levels left

rFire   . . .      SeeInvis .   a - +0 hand axe
rCold   . . .      Faith    .   (no shield)
rNeg    . . .      Spirit   .   b - +0 animal skin
rPois   .          Reflect  .   (helmet restricted)
rElec   .          Harm     .   (no cloak)
rCorr   .          Rampage  .   (no gloves)
Will    .....                   (no boots)
Stlth   ..........              (no amulet)
HPRegen 0.13/turn               (no ring)
MPRegen 0.07/turn               (no ring)

@: berserking, very quick
A: horns 2, retaliatory headbutt
a: Renounce Religion, Berserk


You were on level 2 of the Dungeon.
You worshipped Trog.
Trog was aware of your devotion.
You visited 1 branch of the dungeon, and saw 2 of its levels.

You collected 85 gold pieces.

Inventory:

Hand Weapons
 a - a +0 hand axe (weapon)
Armour
 b - a +0 animal skin (worn)
Scrolls
 d - a scroll of teleportation {unknown}
Potions
 c - a potion of might {unknown}
 e - a potion of lignification {unknown}


   Skills:
 + Level 4.1 Fighting
 + Level 4.2 Axes
 + Level 2.6 Armour
 + Level 2.2 Dodging


You had one spell level left.
You didn't know any spells.
Your spell library was empty.

Dungeon Overview and Level Annotations

Branches:
Dungeon (2/15)

Altars:

Annotations:
D:2 Sigmund


Innate Abilities, Weirdness & Mutations

You have a pair of horns on your head.
You reflexively headbutt those who attack you in melee.


Message History

Done exploring.
No target in view!
Done exploring.
Done exploring.
No target in view!
There is a stone staircase leading down here.
You climb downwards.
There is a stone staircase leading up here.
Sigmund the Dreaded comes into view.
He is wielding a +1 vorpal scythe.
Found an escape hatch in the ceiling.
Sigmund shouts!
Found 13 arrows.
Sigmund's eyes start glowing with a red light.
Sigmund casts a spell at you.
You are confused.
Sigmund barely misses you.
An endoplasm comes into view.
You feel less confused. Sigmund casts a spell at you. The magic dart hits you.
Sigmund misses you.
You barely miss Sigmund. Your headbutt misses Sigmund.
Sigmund hits you with a +1 vorpal scythe!
Sigmund closely misses you.
Sigmund casts a spell.
Sigmund flickers and vanishes!
Deactivating autopickup; reactivate with Ctrl-A.
A red film seems to cover your vision as you go berserk!
You feel yourself moving faster!
You feel mighty! The endoplasm completely misses you. You furiously retaliate!
You headbutt the endoplasm!!
You kill the endoplasm!
Trog accepts your kill.
You feel a strong urge to attack something.
You closely miss something. Your headbutt misses something. Something hits you!
* * * LOW HITPOINT WARNING * * *
x2 You miss something.
Your headbutt misses something. You hit something.
Your headbutt misses something. Something hits you!
* * * LOW HITPOINT WARNING * * *
You die...

#..(.. ......
......
#######......
#............
#............
#......<#####
#......#...#.#
####.###.#@#.#
# #.#.#.# #
#...#.#
#..<#.#
#####.# ..#
###


There were no monsters in sight!

Vanquished Creatures
  3 ball pythons (D:1)
  3 endoplasms
  2 giant cockroaches (D:1)
  A goblin (D:1)
  3 hobgoblins (D:1)
  3 bats (D:1)
  A frilled lizard (D:1)
  A kobold (D:1)
  2 rats (D:1)
19 creatures vanquished.

Notes
Turn   | Place    | Note
-------+----------+-------------------------------------------
     0 | D:1      | cbfl8 the Minotaur Berserker began the quest for the Orb.
     0 | D:1      | Reached XP level 1. HP: 19/19 MP: 0/0
   196 | D:1      | Reached XP level 2. HP: 27/27 MP: 1/1
   277 | D:1      | Found a faded altar of an unknown god.
   725 | D:2      | Noticed Sigmund
   742 | D:2      | HP: 1/40 [something (10)]
   742 | D:2      | Slain by Sigmund

Illustrated notes

Levels and vault maps discovered:
D:1:      saegor_arrival_simple_a, layout_rooms, shapermc_ecumenical_altar_venn,
          minivault_23
D:2:      layout_basic, basic_altar, uniq_natasha, uniq_sigmund,
          uniq_crazy_yiuf_cottage

Skill      XL: |  1  2 |
---------------+-------+-----
Fighting       | 4 |  4.1
Axes           | 4 |  4.2
Armour         | |  2.6
Dodging        | |  2.2

Action                   || total
-------------------------++-------
Melee: Hand axe          ||    46
       Headbutt          ||     8
Invok: Berserk           ||     1
Armor: Animal skin       ||    14
Dodge: Dodged            ||    33
